 Dungeon Crawl Stone Soup version 0.30-a0-395-gfe72c29 (webtiles) character file.

Game seed: 17472834209266733549

335 Dorkslayer the Trooper (level 6, 0/39 HPs)
             Began as a Gargoyle Fighter on Dec 6, 2022.
             Was an Initiate of Gozag.
             Slain by an iguana (2 damage)
             ... on level 4 of the Dungeon.
             The game lasted 00:06:42 (2912 turns).

Dorkslayer the Trooper (Gargoyle Fighter)           Turns: 2912, Time: 00:06:42

Health: 0/39       AC: 20    Str: 21    XL:     6   Next: 53%
Magic:  6/6        EV:  6    Int:  9    God:    Gozag
Gold:   200        SH:  4    Dex:  9    Spells: 5/5 levels left

rFire   . . .      SeeInvis .    a - +0 flail
rCold   . . .      Faith    .    c - +0 buckler
rNeg    + . .      Spirit   .    q - +0 plate armour
rPois   ∞          Reflect  .    (no helmet)
rElec   +          Harm     .    (no cloak)
rCorr   .          Rampage  .    (no gloves)
Will    .....                    (no boots)
Stlth   ..........               (no amulet)
HPRegen 0.26/turn                l - +4 ring of protection
MPRegen 0.10/turn                (no ring)

@: no status effects
A: sickness immunity, AC +4, negative energy resistance 1, electricity
resistance, torment resistance 1, petrification resistance
a: Renounce Religion, Potion Petition, Call Merchant, Bribe Branch


You were on level 4 of the Dungeon.
You worshipped Gozag.
Gozag was aware of your devotion.
You visited 2 branches of the dungeon, and saw 5 of its levels.

You collected 235 gold pieces.
You paid 35 gold pieces to Gozag.

Inventory:

Hand Weapons
 a - a +0 flail (weapon)
Armour
 c - a +0 buckler (worn)
 q - a +0 plate armour (worn)
Jewellery
 l - a +4 ring of protection (left hand)
Scrolls
 b - a scroll of silence {unknown}
 f - 3 scrolls of enchant weapon {unknown}
 g - a scroll of butterflies
 i - 2 scrolls of amnesia {unknown}
 j - a scroll of magic mapping {unknown}
 k - a scroll of torment {unknown}
 p - a scroll of noise {unknown}
 r - a scroll of brand weapon {unknown}
Potions
 d - a potion of might
 e - 8 potions of curing
 h - a potion of haste
 m - 2 potions of heal wounds
 n - a potion of ambrosia {unknown}
 o - a potion of mutation {unknown}


   Skills:
 + Level 4.5 Fighting
 + Level 4.1 Maces & Flails
 + Level 4.3 Armour
 * Level 2.1 Dodging
 + Level 0.1 Stealth
 + Level 3.8 Shields


You had 5 spell levels left.
You didn't know any spells.
Your spell library contained the following spells:

 Spells                   Type           Power      Damage    Failure   Level
 Summon Forest            Summ/Tloc      0%         N/A       100%        5
 Summon Mana Viper        Hex/Summ       0%         N/A       100%        5
 Summon Cactus Giant      Summ           0%         N/A       100%        6


Dungeon Overview and Level Annotations

Branches:
Dungeon (4/15)             Temple (1/1) D:4

Altars:
Gozag


Innate Abilities, Weirdness & Mutations

You are immune to sickness and miasma.
Your stone body is resilient. (AC +4)
You are immune to poison.
You resist negative energy. (rN+)
You are resistant to electric shocks. (rElec)
You are resistant to unholy torment.
You are immune to petrification.


Message History

An iguana comes into view.
You barely miss the phantom.
The phantom is heavily damaged.
The iguana hisses angrily.
The phantom barely misses you. You block the phantom's attack.
You barely miss the phantom.
The phantom is heavily damaged.
A scorpion comes into view.
The phantom hits you but does no damage.
You miss the phantom.
The phantom is heavily damaged.
The phantom hits you but does no damage.
You sock the phantom!
The phantom is severely damaged.
You block the iguana's attack.
The phantom hits you but does no damage.
You hit the phantom.
The phantom is almost destroyed.
The iguana closely misses you.
The phantom hits you but does no damage.
You barely miss the phantom.
The phantom is severely damaged.
The phantom hits you but does no damage.
The iguana bites you!
The iguana bites you but does no damage.
You block the phantom's attack.
You closely miss the phantom.
The phantom is severely damaged.
The iguana bites you but does no damage.
You block the phantom's attack.
You hit the phantom.
The phantom is almost destroyed.
The iguana bites you.
* * * LOW HITPOINT WARNING * * *
The phantom hits you but does no damage.
The iguana attacks as you move away! The iguana bites you!
* * * LOW HITPOINT WARNING * * *
The iguana attacks as you move away! The iguana bites you.
You die...
Your body crumbles into a pile of gold.

........... .. .. ...
..... ##..
..###.##...# ...#
#.W........# # #.. #.
#W##.$.###.#. #..
#..##.#............###
#s................)...
#.####.<......... .###
#..sl@.#..#......
#...W###..##.....
##...# ##.# .###.
##...# #.# .# #....#
#.# #.....#
#.############ #.....#
##.#..........#
#...###
#.....#######.# #...#
#.....# ####.#


You could see a phantom, a scorpion and an iguana.

Vanquished Creatures
  A black bear (D:4)
  A scorpion (D:4)
  Jessica (D:3)
  6 adders
  2 worms
  A dart slug (D:4)
  3 orcs (D:3)
  3 bats
  7 endoplasms
  3 giant cockroaches
  9 goblins
  12 hobgoblins
  10 jackals
  5 quokkas
  10 ball pythons
  3 frilled lizards (D:2)
  5 kobolds
  5 rats
87 creatures vanquished.

Vanquished Creatures (others)
  4 demonic plants (D:3)
  6 fungi (D:3)
  8 plants
  5 withered plants (D:3)
23 creatures vanquished.

Grand Total: 110 creatures vanquished

Notes
Turn   | Place    | Note
-------+----------+-------------------------------------------
     0 | D:1      | Dorkslayer the Gargoyle Fighter began the quest for the
                  | Orb.
     0 | D:1      | Reached XP level 1. HP: 14/14 MP: 1/1
   311 | D:1      | Reached XP level 2. HP: 2/19 MP: 2/2
   786 | D:2      | Reached XP level 3. HP: 24/24 MP: 3/3
  1098 | D:2      | Reached skill level 1 in Dodging
  1098 | D:2      | Reached XP level 4. HP: 29/29 MP: 4/4
  1394 | D:3      | Noticed Jessica
  1398 | D:3      | Killed Jessica
  1399 | D:3      | Reached XP level 5. HP: 32/33 MP: 5/5
  1506 | D:3      | Found a faded altar of an unknown god.
  2312 | D:4      | Found a staircase to the Ecumenical Temple.
  2321 | Temple   | Entered the Ecumenical Temple
  2331 | Temple   | Became a worshipper of Gozag Ym Sagoz the Greedy
  2706 | D:4      | Noticed a black bear
  2716 | D:4      | Killed a black bear
  2717 | D:4      | Reached XP level 6. HP: 39/39 MP: 6/6
  2910 | D:4      | HP: 1/39 [iguana (7)]
  2912 | D:4      | Slain by an iguana

Illustrated notes

Levels and vault maps discovered:
D:1:      nicolae_arrival_somewhat_less_tricky_arrival, layout_basic
D:2:      minmay_angry_zag, layout_rooms, grunt_ministairs_15
D:3:      layout_basic, shapermc_ecumenical_altar_gd, minmay_misc_feat_cross,
          chequers_serial_rivers_micro_e, minmay_goblin_outpost, uniq_jessica
D:4:      layout_basic, minmay_temple_entry_gardened_gates
Temple:   nicolae_temple_slightly_damp_pantheon

Skill      XL: |  1  2  3  4  5  6 |
---------------+-------------------+-----
Dodging        | 1 2 |  2.1
Fighting       | 4 |  4.5
Maces & Flails | 3 4 |  4.1
Armour         | 4 |  4.3
Stealth        | |  0.1
Shields        | |  3.8

Action                   |  1- 3 |  4- 6 || total
-------------------------+-------+-------++-------
Melee: Flail             |   137 |   237 ||   374
  Use: Scroll            |       |     5 ||     5
 Stab: Distracted        |       |     1 ||     1
Armor: Scale mail        |    74 |    71 ||   145
       Chain mail        |       |    66 ||    66
       Plate armour      |       |    96 ||    96
Dodge: Dodged            |    70 |   141 ||   211
Block: Buckler           |    35 |    74 ||   109

Table legend: (Time is in decaauts)
 A = Elapsed time spent in this place.
 B = Non-inter-level travel time spent in this place.
 C = Inter-level travel time spent in this place.
 D = Time resting spent in this place.
 E = Time spent auto-exploring this place.
 F = Levels seen in this place.
 G = Mean time per level.
                   A        B        C        D        E       F      G
               +--------+--------+--------+--------+--------+-----+--------+
         Total |   3021 |   3021 |      0 |      0 |   1356 |   5 |  604.2 |
       Dungeon |   3000 |   3000 |      0 |      0 |   1356 |   4 |  750.0 |
        Temple |     20 |     20 |      0 |      0 |      0 |   1 |   20.0 |
               +--------+--------+--------+--------+--------+-----+--------+

Top non-repeatable levels by time:
     D:3: 984 daAuts
     D:1: 779 daAuts
     D:4: 649 daAuts
     D:2: 587 daAuts
  Temple: 20 daAuts
